[Event "Champions Showdown Kings Blitz 2019-D"]
[Site "Saint Louis"]
[Date "2019.02.22"]
[Round "2"]
[White "Dominguez Perez, Leinier"]
[Black "Topalov, Veselin"]
[Result "1/2-1/2"]
[ECO "C54"]
[WhiteElo "2739"]
[BlackElo "2740"]
[Annotator "ChessBase"]
[PlyCount "114"]
[EventDate "2019.02.09"]
[EventType "match"]
[EventCountry "USA"]
[SourceTitle "playchess.com"]
[Source "ChessBase"]
[SourceQuality "1"]
[TimeControl "900+10"]

1. e4 e5 2. Nf3 Nc6 3. Bc4 Bc5 4. c3 Nf6 5. d3 d6 6. Nbd2 a6 7. Bb3 O-O 8. Nf1 d5 9. exd5 Nxd5 10. Ng3 f6 11. O-O Be6 12. Be3 Bxe3 13. fxe3 Qd7 14. Qe2 Rad8 15. Rad1 Rfe8 16. Kh1 Qe7 17. Nh4 g6 18. Nf3 Kg7 19. Qf2 Rf8 20. d4 exd4 21. exd4 Na5 22. Bc2 Nc4 23. Rde1 Qd7 24. Bd3 Nd6 25. Qd2 b5 26. b3 Nb6 27. Re2 Rde8 28. Ref2 Bd5 29. h3 a5 30. Kh2 a4 31. Bc2 axb3 32. axb3 Ne4 33. Nxe4 Bxe4 34. Bxe4 Rxe4 35. Ne5 Qd6 36. Kh1 Nd5 37. Ng4 f5 38. Ne5 b4 39. cxb4 Qxb4 40. Qg5 Qxd4 41. Ng4 Ne3 42. Nxe3 Qxe3 43. Qxe3 Rxe3 44. Rc2 Rf7 45. Rfc1 Rxb3 46. Rxc7 Rxc7 47. Rxc7+ Kh6 48. Kh2 f4 49. Rc5 g5 50. Rc7 Kg6 51. Kg1 h6 52. Rc6+ Kh5 53. Kf2 Ra3 54. Rd6 Ra2+ 55. Kf3 Ra1 56. Kf2 Ra3 57. Rc6 Rb3 1/2-1/2

[Event "Champions Showdown Kings Blitz 2019-D"]
[Site "Saint Louis"]
[Date "2019.02.22"]
[Round "8"]
[White "Dominguez Perez, Leinier"]
[Black "Topalov, Veselin"]
[Result "1/2-1/2"]
[ECO "C54"]
[WhiteElo "2739"]
[BlackElo "2740"]
[Annotator "ChessBase"]
[PlyCount "141"]
[EventDate "2019.02.09"]
[EventType "match"]
[EventCountry "USA"]
[SourceTitle "playchess.com"]
[Source "ChessBase"]
[SourceQuality "1"]
[TimeControl "900+10"]

1. e4 e5 2. Nf3 Nc6 3. Bc4 Bc5 4. c3 Nf6 5. d3 a6 6. Bb3 O-O 7. O-O d6 8. Nbd2 Re8 9. h3 Be6 10. Bc2 h6 11. Re1 d5 12. exd5 Bxd5 13. Nh2 Qd7 14. Ne4 Nxe4 15. dxe4 Be6 16. Qf3 Ne7 17. Ng4 Ng6 18. Ne3 Rad8 19. Nf5 Nf4 20. Bxf4 exf4 21. Rad1 Qc6 22. Qxf4 Qb6 23. b4 Bf8 24. e5 Bxa2 25. Rxd8 Rxd8 26. Re3 Kh8 27. Nd4 c5 28. bxc5 Bxc5 29. e6 Bxd4 30. exf7 Bxf7 31. cxd4 Bg8 32. Re7 Qd6 33. Qxd6 Rxd6 34. Rxb7 g5 35. Rb4 Kg7 36. Kf1 Bd5 37. f3 Bc6 38. Kf2 Bb5 39. Ke3 Re6+ 40. Be4 Kf6 41. d5 Rb6 42. Rb2 Ke5 43. g3 Rb8 44. f4+ Kd6 45. fxg5 hxg5 46. Rf2 Rc8 47. Rf6+ Kc5 48. Rf5 a5 49. d6+ Kb6 50. Rxg5 a4 51. Bd5 Rd8 52. Kd4 Rxd6 53. Ke5 Rd8 54. Rf5 Kc5 55. Be6 a3 56. Rf3 Kb4 57. Rb3+ Ka4 58. Rb1 Re8 59. Kf6 Rd8 60. g4 Rd6 61. Ke5 Rd3 62. g5 Re3+ 63. Kf6 Rf3+ 64. Kg7 Re3 65. Bf7 Rxh3 66. g6 Rg3 67. Kf6 Bd3 68. Re1 a2 69. g7 Bb1 70. Bxa2 Bxa2 71. Ke5 1/2-1/2

[Event "Champions Showdown Kings Blitz 2019-D"]
[Site "Saint Louis"]
[Date "2019.02.22"]
[Round "12"]
[White "Dominguez Perez, Leinier"]
[Black "Topalov, Veselin"]
[Result "1/2-1/2"]
[ECO "D04"]
[WhiteElo "2739"]
[BlackElo "2740"]
[Annotator "ChessBase"]
[PlyCount "100"]
[EventDate "2019.02.09"]
[EventType "match"]
[EventCountry "USA"]
[SourceTitle "playchess.com"]
[Source "ChessBase"]
[SourceQuality "1"]
[TimeControl "900+10"]

1. d4 Nf6 2. Nf3 d5 3. e3 c6 4. Nbd2 Bf5 5. Bd3 Bg6 6. Ne5 e6 7. Nxg6 hxg6 8. c4 Nbd7 9. O-O Bd6 10. h3 O-O 11. Nf3 Qe7 12. a3 e5 13. dxe5 Nxe5 14. cxd5 Nxd3 15. Qxd3 Nxd5 16. Bd2 Rad8 17. Qc2 Rfe8 18. Rac1 Rd7 19. e4 Nf4 20. Bxf4 Bxf4 21. Rce1 Bc7 22. g3 Qe6 23. Kg2 Red8 24. Re3 Bb6 25. Rc3 Ba5 26. b4 Bb6 27. Re1 a5 28. Re2 axb4 29. axb4 Rd1 30. h4 R1d7 31. e5 Rd1 32. Ng5 Qd5+ 33. Rf3 Rd3 34. Qxd3 Qxd3 35. Rxd3 Rxd3 36. e6 fxe6 37. Rxe6 Rd8 38. Re7 Bd4 39. Rxb7 Bf6 40. Ne6 Re8 41. Nf4 g5 42. hxg5 Bxg5 43. Nh5 Re7 44. Rb6 Bd2 45. f4 Kf7 46. g4 g6 47. Ng3 Bxf4 48. Rxc6 Rb7 49. Rc4 Bd6 50. Ne4 Bxb4 1/2-1/2

[Event "Champions Showdown Kings Blitz 2019-D"]
[Site "Saint Louis"]
[Date "2019.02.22"]
[Round "23"]
[White "Topalov, Veselin"]
[Black "Dominguez Perez, Leinier"]
[Result "1/2-1/2"]
[ECO "B07"]
[WhiteElo "2740"]
[BlackElo "2739"]
[Annotator "RC"]
[PlyCount "129"]
[EventDate "2019.02.09"]
[EventType "match"]
[EventCountry "USA"]
[SourceTitle "playchess.com"]
[Source "ChessBase"]
[SourceQuality "1"]
[TimeControl "900+10"]

1. e4 d6 2. d4 Nf6 3. Nc3 g6 4. h3 Bg7 5. Be3 a6 6. f4 O-O 7. Bd3 b5 8. e5 dxe5 9. dxe5 Nd5 10. Nxd5 Qxd5 11. Nf3 c5 12. O-O Bb7 13. c3 Nd7 14. a4 Qc6 15. Qe2 bxa4 16. Bc2 Nb6 17. f5 Qb5 18. Qf2 Bxf3 19. Qxf3 Bxe5 20. Be4 Rad8 21. Bh6 Bg7 22. Bxg7 Kxg7 23. Rf2 Nd7 24. Re1 Qb8 25. Bc2 Qd6 26. Bxa4 Nf6 27. Bb3 Rd7 28. Bc4 Rfd8 29. Rfe2 a5 30. b3 Qc7 31. fxg6 hxg6 32. Re5 Rd1 33. Rxe7 Qxe7 34. Rxd1 Rxd1+ 35. Qxd1 Qe3+ 36. Kh1 Qxc3 37. Qf1 Qe5 38. Qf3 Qe1+ 39. Kh2 Qe5+ 40. Kh1 Qc7 41. Qc3 Qd8 42. Qe5 Qd1+ 43. Kh2 Qd4 44. Qc7 Nd5 45. Bxd5 Qxd5 46. Qxa5 Qe5+ 47. Kh1 Kf6 48. Qb5 Kf5 49. Qc4 Qa1+ 50. Kh2 Qe5+ 51. Kh1 Kf6 52. Kg1 Ke7 53. Kf1 f6 54. Kf2 g5 55. Kf3 Kd6 56. Qd3+ Kc6 57. Qc4 Kb6 58. g3 Qf5+ 59. Kg2 Qe5 60. h4 Qf5 61. b4 cxb4 62. Qxb4+ Kc6 63. Qc4+ Kd6 64. Qd4+ Ke7 65. hxg5 1/2-1/2